 Dungeon Crawl Stone Soup version 0.17-a0-1651-gae1a69f (webtiles) character file.

121 thismeanswarmate the Poker (level 4, 0/38 HPs)
             Began as a Minotaur Gladiator on Aug 14, 2015.
             Slain by a quokka (1 damage)
             ... summoned by Eustachio
             ... on level 4 of the Dungeon.
             The game lasted 00:15:23 (2638 turns).

thismeanswarmate the Poker (Minotaur Gladiator)     Turns: 2638, Time: 00:15:24

Health: 0/38       AC:  5    Str: 20    XL:     4   Next: 77%
Magic:  3/3        EV: 12    Int:  5    God:
Gold:   193        SH:  0    Dex: 11    Spells: 0 memorised, 3 levels left

rFire  . . .     SeeInvis .     u - +1 mace
rCold  . . .     Clarity  .     o - +0 ring mail
rNeg   . . .     SustAt   .     (no shield)
rPois  .         Gourm    .     c - +0 hat
rElec  .         Spirit   .     (no cloak)
rCorr  .         Warding  .     (no gloves)
rMut   .         Stasis   .     (no boots)
MR     .....                    (no amulet)
Stlth  +.........               (no ring)
                                (no ring)

@: flying, not resistant to hostile enchantments, very unstealthy
A: retaliatory headbutt, horns 2
a: no special abilities


You were on level 4 of the Dungeon.
You were hungry.

You visited 1 branch of the dungeon, and saw 4 of its levels.

You collected 193 gold pieces.

Inventory:

Hand weapons
 a - a +0 trident
 u - a +1 mace (weapon)
Missiles
 d - 3 throwing nets (quivered)
Armour
 b - a +0 leather armour
 c - a +0 hat (worn)
 n - a +0 robe
 o - a +0 ring mail (worn)
 p - a +0 shield
 r - a +0 helmet
 t - a +0 pair of gloves
Jewellery
 i - a +5 ring of dexterity {unknown}
Scrolls
 f - a scroll of remove curse
 h - 3 scrolls of identify
Potions
 g - a potion of might {unknown}
 j - a potion of haste {unknown}
Comestibles
 e - a bread ration
 k - 2 meat rations
 s - a royal jelly


   Skills:
 + Level 3.0 Fighting
 + Level 4.6 Polearms
 + Level 2.2 Throwing
 + Level 2.2 Armour
 + Level 4.3 Dodging
 + Level 0.1 Stealth


You had 3 spell levels left.
You didn't know any spells.

Dungeon Overview and Level Annotations

Branches:
Dungeon (4/15)
 Temple: D:4-7

Altars:

Annotations:
D:4 Eustachio


Innate Abilities, Weirdness & Mutations

You reflexively headbutt those who attack you in melee.
You have a pair of horns on your head.


Message History

Eustachio draws strength from your injuries!
As you read the scroll labeled VUOTAO DONULLIEQ, it crumbles to dust.
It is a scroll of enchant weapon.
Enchant which weapon? (? for menu, Esc to quit)
Your +0 mace glows red for a moment.
The bat barely misses you. You furiously retaliate!
You headbutt the bat!
You kill the bat!
The bat's corpse disappears in a puff of smoke!
Eustachio hits you with a vampiric falchion.
* * * LOW HITPOINT WARNING * * *
It was a potion of magic.
Magic courses through your body.
The quokka bites you but does no damage.
Eustachio hits you with a vampiric falchion.
* * * LOW HITPOINT WARNING * * *
It was a potion of flight.
You feel very buoyant.
You fly up into the air.
The quokka misses you.
Eustachio casts a spell.
The quokka bites you.
You die...

#........####
#...........
#.........#
####.........#
#............#
#r##.........#
#b##########.#
#@# .# #@# .#
#r# .# #r# .#
#.######## .#
#...5r.... .#
##########


You could see Eustachio, 2 river rats, a quokka and a bat.

Vanquished Creatures
  A worker ant (D:4)
  5 adders
  An ooze (D:1)
  2 worms (D:3)
  2 giant geckos
  3 bats
  5 goblins
  3 hobgoblins
  5 jackals
  3 giant cockroaches
  3 giant newts
  6 kobolds
  2 quokkas (D:2)
41 creatures vanquished.

Notes
Turn   | Place    | Note
--------------------------------------------------------------
     0 | D:1      | thismeanswarmate the Minotaur Gladiator began the quest for the Orb.
     0 | D:1      | Reached XP level 1. HP: 18/18 MP: 0/0
    41 | D:1      | Reached skill level 4 in Polearms
    67 | D:1      | Reached XP level 2. HP: 25/25 MP: 1/1
   542 | D:2      | HP: 1/25 [quokka (4)]
   548 | D:2      | HP: 1/25 [quokka (1)]
   568 | D:1      | Reached XP level 3. HP: 6/30 MP: 2/2
  1247 | D:3      | Reached skill level 1 in Armour
  1293 | D:3      | Reached XP level 4. HP: 17/37 MP: 3/3
  2613 | D:4      | Noticed Eustachio
  2637 | D:4      | HP: 1/38 [Eustachio/vampiric falchion (2)]
  2638 | D:4      | Slain by a quokka

Vault maps used:
D:1:      matt_arrival_grand_opening
D:2:      st_stairs_13
D:4:      minmay_temple_entry_overgrown, serial_shops, shop, uniq_eustachio

Action                   |  1- 3 |  4- 6 || total
-------------------------+-------+-------++-------
Melee: Trident           |    60 |    35 ||    95
       Mace              |       |    10 ||    10
  Use: Potion            |     5 |     2 ||     7
       Scroll            |     2 |     1 ||     3
  Eat: Bread ration      |     1 |       ||     1
